 Dungeon Crawl Stone Soup version 0.26.1-11-gd32895ea62 (webtiles) character file.

Game seed: 9971199767895105619

264 Tirrikindir the Firebug (level 6, 0/46 HPs)
             Began as a Hill Orc Fire Elementalist on June 2, 2021.
             Was an Initiate of Vehumet.
             Slain by Pikel
             ... wielding a +1 whip of freezing
              (9 damage)
             ... on level 4 of the Dungeon.
             The game lasted 00:12:48 (4841 turns).

Tirrikindir the Firebug (HOFE)                      Turns: 4841, Time: 00:12:49

Health: 0/46       AC:  8    Str: 11    XL:     6   Next: 19%
Magic:  9/9        EV: 12    Int: 16    God:    Vehumet [......]
Gold:   193        SH:  0    Dex: 12    Spells: 5/9 levels left

rFire    . . .     SeeInvis +   m - +0 war axe
rCold    . . .     Faith    .   (no shield)
rNeg     . . .     Spirit   .   c - +0 leather armour
rPois    .         Reflect  .   j - +2 helmet {SInv}
rElec    .         Harm     .   d - +1 cloak
rCorr    .         Rampage  .   (no gloves)
Will     +....                  (no boots)
Stlth    +++.......             (no amulet)
HPRegen  0.15/turn              b - ring of willpower
MPRegen  0.11/turn              f - ring of stealth

@: mighty, about to teleport
A: no striking features
a: Renounce Religion


You were on level 4 of the Dungeon.
You worshipped Vehumet.
Vehumet was noncommittal.
You visited 1 branch of the dungeon, and saw 4 of its levels.

You collected 193 gold pieces.

Inventory:

Hand Weapons
 g - a +0 trident
 m - a +0 war axe (weapon)
Armour
 a - a +0 robe
 c - a +0 leather armour (worn)
 d - a +1 cloak (worn)
 h - a +2 hat
 j - a +2 helmet of see invisible (worn)
Jewellery
 b - a ring of willpower (left hand)
 f - a ring of stealth (right hand)
Scrolls
 k - a scroll of identify
 l - 3 scrolls of magic mapping {unknown}


   Skills:
 + Level 0.4 Fighting
 + Level 0.7 Axes
 + Level 1.5 Armour
 + Level 2.4 Dodging
 + Level 2.6 Stealth
 - Level 2.0 Spellcasting
 + Level 2.4 Conjurations
 * Level 4.9 Fire Magic


You had 5 spell levels left.
You knew the following spells:

 Your Spells              Type           Power        Failure   Level
a - Foxfire               Conj/Fire      52%          6%          1
b - Conjure Flame         Conj/Fire      13%          19%         3

Your spell library contained the following spells:

 Spells                   Type           Power        Failure   Level
 Inner Flame              Hex/Fire       9%           30%         3
 Sticky Flame             Conj/Fire      13%          52%         4
 Fireball                 Conj/Fire      6%           86%         5


Dungeon Overview and Level Annotations

Branches:
Dungeon (4/15)
 Temple: D:4-7

Altars:
Kikubaaqudgha
Nemelex Xobeh
Qazlal
Uskayaw
Vehumet

Shops:
D:4 !**

Annotations:
D:4 Pikel


Message History

You slash the lemure!
The lemure is severely wounded.
The lemure hits you.
You closely miss Pikel.
Pikel hits you with a +1 whip of freezing.
Pikel freezes you.
You barely miss Pikel. Pikel hits you but does no damage.
You barely miss Pikel.
Pikel hits you with a +1 whip of freezing.
Pikel freezes you. Pikel closely misses you.
You hit Pikel but do no damage.
Pikel hits you with a +1 whip of freezing.
* * * LOW HITPOINT WARNING * * *
Pikel freezes you.
* * * LOW HITPOINT WARNING * * *
You aren't carrying any potions.
As you read the scroll of teleportation, it crumbles to dust.
You feel strangely unstable.
Pikel hits you with a +1 whip of freezing!
You die...

##.# #+#
#.#......
##K....$.
#.......
#.#.... .8.5.
#..#
#.#########5###
#......@K5?5.<#
#.#########.#.#
#...# ##.## #..
##.# .# .#


You could see Pikel and 3 lemures.

Vanquished Creatures
  A hound (D:4)
  3 orc wizards
  A worker ant (D:4)
  3 adders
  An ooze (D:3)
  3 dart slugs
  6 leopard geckos
  14 orcs
  8 bats
  2 giant cockroaches
  4 goblins
  A hobgoblin (D:1)
  3 jackals (D:1)
  2 quokkas
  3 ball pythons
  3 frilled lizards
  8 kobolds
  15 rats
81 creatures vanquished.

Vanquished Creatures (others)
  A bat (D:3)
  141 foxfires
  6 plants (D:2)
148 creatures vanquished.

Grand Total: 229 creatures vanquished

Notes
Turn   | Place    | Note
-------+----------+-------------------------------------------
     0 | D:1      | Tirrikindir the Hill Orc Fire Elementalist began the quest
                  | for the Orb.
     0 | D:1      | Reached XP level 1. HP: 14/14 MP: 3/3
   324 | D:1      | Reached XP level 2. HP: 17/20 MP: 0/4
  1634 | D:1      | Reached XP level 3. HP: 24/26 MP: 5/5
  2300 | D:2      | Reached skill level 4 in Fire Magic
  2713 | D:2      | Reached XP level 4. HP: 33/33 MP: 4/6
  3303 | D:3      | Reached XP level 5. HP: 11/38 MP: 2/8
  3602 | D:3      | Reached skill level 1 in Armour
  3897 | D:2      | Learned a level 3 spell: Conjure Flame
  3991 | D:3      | Found a stormy altar of Qazlal.
  3991 | D:3      | Found a hide-covered altar of Uskayaw.
  3998 | D:3      | Found an ancient bone altar of Kikubaaqudgha.
  4000 | D:3      | Found a faded altar of an unknown god.
  4006 | D:3      | Found a sparkling altar of Nemelex Xobeh.
  4127 | D:3      | Found a radiant altar of Vehumet.
  4137 | D:3      | Became a worshipper of Vehumet
  4739 | D:4      | Found Kaopnif's General Store.
  4795 | D:4      | Reached XP level 6. HP: 43/45 MP: 9/9
  4821 | D:4      | Found Qaumobrapn's General Store.
  4822 | D:4      | Found Ohazu Nex's Distillery.
  4822 | D:4      | Noticed Pikel
  4841 | D:4      | Slain by Pikel

Illustrated notes

Levels and vault maps discovered:
D:1:      lordsloth_arrival_two_stooges, layout_basic, minmay_pentomino_w2
D:2:      layout_loops_ring, serial_bayou_pond_c, minmay_shallow_snake_nest
D:3:      layout_basic, chequers_temple_overflow_minitemple, vehumet_crystals
D:4:      layout_basic, minmay_temple_entry_butterflies, serial_shops,
          nicolae_shop_crystal, nicolae_shop_waterfront, shop_statue,
          nicolae_shop_behind_doors, nicolae_shop_stone,
          minmay_misc_feat_more_columns, uniq_pikel, uniq_edmund

Skill      XL: |  1  2  3  4  5 |
---------------+----------------+-----
Stealth        | 2 |  2.6
Fire Magic     | 4 |  4.9
Dodging        | 2 |  2.4
Spellcasting   | 2 |  2.0
Conjurations   | 2 |  2.4
Armour         | 1 |  1.5
Fighting       | |  0.4
Axes           | |  0.7

Action                   |  1- 3 |  4- 6 || total
-------------------------+-------+-------++-------
Melee: Unarmed           |    13 |       ||    13
       Dagger            |    45 |       ||    45
       Short sword       |     7 |    29 ||    36
       Trident           |       |    57 ||    57
       Hand axe          |       |    19 ||    19
       War axe           |       |    20 ||    20
 Cast: Foxfire           |    49 |    41 ||    90
  Use: Scroll            |     7 |     9 ||    16
       Potion            |       |     2 ||     2
 Stab: Sleeping          |     2 |     4 ||     6
       Invisible         |       |     2 ||     2
Armor: Robe              |    19 |       ||    19
       Leather armour    |       |    53 ||    53
Dodge: Dodged            |    66 |   113 ||   179
